 Dungeon Crawl Stone Soup version 0.27-a0-1116-g91b3acb402 (webtiles) character file.

Game seed: 1264807524112259170

278 voltaire321 the Poker (level 6, -3/49 HPs)
             Began as a Merfolk Gladiator on May 2, 2021.
             Slain by a sixfirhy (11 damage)
             ... summoned by a kobold demonologist
             ... on level 4 of the Dungeon.
             The game lasted 00:13:28 (4437 turns).

voltaire321 the Poker (Merfolk Gladiator)           Turns: 4437, Time: 00:13:29

Health: -3/49      AC:  6    Str: 15    XL:     6   Next: 26%
Magic:  6/6        EV: 11    Int:  7    God:
Gold:   146        SH:  8    Dex: 17    Spells: 5/5 levels left

rFire    . . .     SeeInvis .   a - +0 trident
rCold    . . .     Faith    .   k - +0 kite shield
rNeg     . . .     Spirit   .   f - +0 troll leather armour {Purgy}
rPois    .         Reflect  .   c - +1 helmet
rElec    .         Harm     .   (no cloak)
rCorr    .         Rampage  .   (no gloves)
Will     .....                  (no boots)
Stlth    +.........             h - amulet of the acrobat
HPRegen  1.16/turn              (no ring)
MPRegen  0.10/turn              (no ring)

@: about to teleport, studying Fighting
A: (nimble swimmer 2), mertail
a: no special abilities


You were on level 4 of the Dungeon.
You visited 1 branch of the dungeon, and saw 4 of its levels.

You collected 146 gold pieces.

Inventory:

Hand Weapons
 a - a +0 trident (weapon)
Missiles
 d - 3 throwing nets (quivered)
Armour
 c - a +1 helmet (worn)
 f - a +0 troll leather armour (worn) {Purgy}
 k - a +0 kite shield (worn)
Jewellery
 h - an amulet of the acrobat (around neck)
 i - a ring of protection from cold
 j - a +4 ring of evasion
Wands
 b - a wand of flame (19)
Scrolls
 e - 2 scrolls of teleportation
Potions
 g - a potion of brilliance


   Skills:
 + Level 4.3 Fighting
 + Level 5.8 Polearms
 + Level 3.2 Throwing
 + Level 1.5 Armour
 + Level 5.3 Dodging
 + Level 0.9 Shields


You had 5 spell levels left.
You didn't know any spells.
Your spell library contained the following spells:

 Spells                   Type           Power      Damage    Failure   Level
 Animate Skeleton         Necr           0%         N/A       98%         1
 Apportation              Tloc           0%         N/A       98%         1
 Corona                   Hex            0%         N/A       98%         1
 Magic Dart               Conj           0%         1d3       98%         1
 Summon Small Mammal      Summ           0%         N/A       98%         1
 Searing Ray              Conj           0%         3d3       99%         2
 Dazzling Flash           Conj/Hex       0%         N/A       100%        3
 Fulminant Prism          Conj/Hex       0%         3d6       100%        4
 Iskenderun's Mystic Bla  Conj/Tloc      0%         2d3       100%        4


Dungeon Overview and Level Annotations

Branches:
Dungeon (4/15)
 Temple: D:4-7

Altars:
Trog

Shops:
D:3 !


Innate Abilities, Weirdness & Mutations

((You are quick and stealthy near water. (Stealth+, EV+, Speed+++)))
Your lower body shifts to a powerful aquatic tail in water.


Message History

You kill the ball python!
The kobold demonologist casts a cantrip, but nothing happens.
The adder completely misses you.
There is an open door here.
You see here a ball python corpse.
You hit the kobold demonologist.
The kobold demonologist is lightly wounded.
The kobold demonologist hits you but does no damage.
You block the adder's attack.
The kobold demonologist gestures wildly while chanting.
The adder misses you.
You miss the adder. The adder bites you.
You hit the adder.
The adder is moderately wounded.
The adder closely misses you. You block the adder's attack.
You puncture the adder!
The adder is almost dead.
The adder bites you but does no damage. x2
You closely miss the adder.
The adder is almost dead.
You block the adder's attack.
The kobold demonologist casts a spell.
The adder bites you but does no damage.
You hit the adder but do no damage.
The adder is almost dead.
You block the sixfirhy's attack.
The kobold demonologist gestures wildly while chanting.
You block the sixfirhy's attack.
Reach: a) +0 trident
Press: ? - help, Dir - move target, f - kobold demonologist
Aim: a kobold demonologist, wielding a +0 dagger and wearing a +0 robe (lightly wounded, about 49% to evade your +0 trident)
The sixfirhy is in the way.
You barely miss the sixfirhy. The sixfirhy hits you! The sixfirhy shocks you!
You block the sixfirhy's attack. The sixfirhy misses you.
As you read the scroll of teleportation, it crumbles to dust.
You feel strangely unstable. The sixfirhy hits you. The sixfirhy shocks you!
The sixfirhy barely misses you. The sixfirhy hits you!
* * * LOW HITPOINT WARNING * * *
The sixfirhy shocks you!
You die...

#.# #.##..........####.##..#.
#O# #.##...............###.#.
##.# #.##.####.....####.###.#.
##.# #.##.#).##...## #.......
##.# #.##.#555##.## #.###.##
...# #.##.##5S5#.# ##.# #.#
#########.##..##K†#.#+ ##..###<#
##.....##.##...###S..###.......#
.........)......@3.8........####
##.#####..##...###..†###...##
....# #..##..##.'#)#'.##..#
##..# #..##.##...#.#...##.# #..#
#..##.#...##.##...#.# #..#
#..##.#..##...##..#.# ##.#
#..##.####.....####.# #.#
#..##...............# ###.#
##..#########.#####.##


You could see a sixfirhy (summoned) and an adder.

Vanquished Creatures
  Purgy (D:3)
  A hound (D:4)
  4 adders
  An adder zombie (D:4)
  An adder skeleton (D:4)
  2 worms
  5 dart slugs
  2 orcs
  6 endoplasms
  8 giant cockroaches
  5 goblins
  6 hobgoblins
  3 jackals (D:1)
  5 quokkas
  10 ball pythons
  11 bats
  4 frilled lizards
  15 kobolds
  6 rats
96 creatures vanquished.

Vanquished Creatures (others)
  18 plants (D:3)
18 creatures vanquished.

Grand Total: 114 creatures vanquished

Notes
Turn   | Place    | Note
-------+----------+-------------------------------------------
     0 | D:1      | voltaire321 the Merfolk Gladiator began the quest for the
                  | Orb.
     0 | D:1      | Reached XP level 1. HP: 16/16 MP: 1/1
   210 | D:1      | Reached XP level 2. HP: 12/23 MP: 2/2
   822 | D:1      | Reached XP level 3. HP: 26/28 MP: 3/3
  1429 | D:2      | Identified a scroll of acquirement
  1429 | D:2      | Acquired a manual of Fighting
  1583 | D:2      | Reached skill level 5 in Polearms
  1584 | D:2      | Reached XP level 4. HP: 35/35 MP: 4/4
  1939 | D:2      | Reached skill level 1 in Armour
  2405 | D:3      | Reached XP level 5. HP: 41/41 MP: 5/5
  2595 | D:3      | Found Weufuhyrph's Distillery.
  3007 | D:3      | Noticed Purgy
  3379 | D:4      | Found a bloodstained altar of Trog.
  3487 | D:4      | Reached skill level 5 in Dodging
  3765 | D:4      | Noticed an ogre
  3960 | D:3      | Killed Purgy
  3961 | D:3      | Reached XP level 6. HP: 8/48 MP: 6/6
  4422 | D:4      | Noticed a kobold demonologist
  4433 | D:4      | Noticed a sixfirhy
  4437 | D:4      | Slain by a sixfirhy

Illustrated notes

Levels and vault maps discovered:
D:1:      elethiomel_arrival_shortcut, layout_rooms, minmay_indecisive_spiral
D:2:      layout_rooms
D:3:      layout_basic, serial_shops, shop_statue, lexackson_kobold_supper,
          uniq_purgy
D:4:      cheibrodos_barr_body, layout_loops_ring, amcnicky_altar_gilded,
          overflow_temple_1_default, gammafunk_temple_overflow_statue

Skill      XL: |  1  2  3  4  5 |
---------------+----------------+-----
Fighting       | 3 4 |  4.3
Polearms       | 5 |  5.8
Armour         | 1 |  1.5
Throwing       | 3 |  3.2
Dodging        | 5 |  5.3
Shields        | |  0.9

Action                   |  1- 3 |  4- 6 || total
-------------------------+-------+-------++-------
Melee: Trident           |   130 |   205 ||   335
  Use: Scroll            |     3 |     4 ||     7
       Potion            |       |     3 ||     3
 Stab: Sleeping          |       |     3 ||     3
       Distracted        |       |     1 ||     1
Armor: Leather armour    |    31 |    44 ||    75
       Troll leather arm |       |     7 ||     7
Dodge: Dodged            |    83 |   108 ||   191
Block: Kite shield       |       |    36 ||    36

Table legend: (Time is in decaauts)
 A = Elapsed time spent in this place.
 B = Non-inter-level travel time spent in this place.
 C = Inter-level travel time spent in this place.
 D = Time resting spent in this place.
 E = Time spent auto-exploring this place.
 F = Levels seen in this place.
 G = Mean time per level.
                   A        B        C        D        E       F      G
               +--------+--------+--------+--------+--------+-----+--------+
         Total |   4461 |   4326 |    135 |   1359 |   1930 |   4 | 1115.2 |
       Dungeon |   4461 |   4326 |    135 |   1359 |   1930 |   4 | 1115.2 |
               +--------+--------+--------+--------+--------+-----+--------+

Top non-repeatable levels by time:
     D:3: 1703 daAuts
     D:1: 1420 daAuts
     D:4: 728 daAuts
     D:2: 609 daAuts
